 Dungeon Crawl Stone Soup version 0.17.0-9-g801d43b (console) character file.

4758 Kloppie the Blocker (level 10, -3/82 HPs)
             Began as a Formicid Fighter on Nov 10, 2015.
             Was an Elder of Makhleb.
             Slain by a spiny frog (7 damage)
             ... on level 9 of the Dungeon.
             The game lasted 00:22:43 (8345 turns).

Kloppie the Blocker (Formicid Fighter)              Turns: 8345, Time: 00:22:43

Health: -3/82      AC: 10    Str: 25    XL:     10   Next: 75%
Magic:  14/14      EV:  5    Int: 13    God:    Makhleb [****..]
Gold:   312        SH: 12    Dex: 13    Spells: 0 memorised, 9 levels left

rFire  . . .     SeeInvis +     d - +0 battleaxe
rCold  . . .     Clarity  .     A - +0 scale mail
rNeg   . . .     SustAt   .     c - +0 shield
rPois  .         Gourm    +     (helmet unavailable)
rElec  .         Spirit   .     z - +0 cloak
rCorr  .         Warding  .     D - +0 pair of gloves
rMut   .         Stasis   +     (no boots)
MR     +....                    J - amulet of the gourmand
Stlth  ..........               n - +5 ring of strength
                                G - +4 ring of intelligence

@: lethally poisoned (-3 -> -33), somewhat resistant to hostile enchantments,
extremely unstealthy
A: permanent stasis, dig shafts and tunnels, four strong arms, antennae 3
a: Dig, Shaft Self, Minor Destruction, Lesser Servant of Makhleb, Major
Destruction, Renounce Religion


You were on level 9 of the Dungeon.
You worshipped Makhleb.
Makhleb was greatly pleased with you.
You were very full.

You visited 1 branch of the dungeon, and saw 9 of its levels.

You collected 552 gold pieces.
You spent 240 gold pieces at shops.

Inventory:

Hand Weapons
 a - a +0 war axe
 b - a +0 blowgun
 d - a +0 battleaxe (weapon)
Missiles
 B - 21 poisoned needles
Armour
 c - a +0 shield (worn)
 o - a +0 plate armour
 s - a +0 large shield
 z - a +0 cloak (worn)
 A - a +0 scale mail (worn)
 D - a +0 pair of gloves (worn)
Jewellery
 n - a +5 ring of strength (right hand)
 G - a +4 ring of intelligence (left hand)
 J - an amulet of the gourmand (around neck)
Wands
 H - a wand of magic darts (26)
 K - a wand of disintegration (14)
 L - a wand of confusion (32)
Scrolls
 i - a scroll of enchant armour {unknown}
 j - a scroll of blinking {unknown}
 m - a scroll of teleportation {unknown}
 q - 3 scrolls of noise {unknown}
 t - 6 scrolls of remove curse {unknown}
 u - 2 scrolls of amnesia {unknown}
 y - 4 scrolls of enchant weapon {unknown}
 F - 3 scrolls of identify
 I - a scroll of immolation {unknown}
Potions
 g - a potion of beneficial mutation {unknown}
 l - 4 potions of curing
 p - 2 potions of brilliance
 x - 2 potions of cancellation
 C - a potion of ambrosia
 E - 2 potions of poison {unknown}
Books
 f - a book of Death

   Spells                             Type                      Level
   a - Corpse Rot                     Necromancy                   2
   b - Sublimation of Blood           Necromancy                   2
   c - Agony                          Necromancy                   5
   d - Dispel Undead                  Necromancy                   5
   e - Excruciating Wounds            Charms/Necromancy            5
   f - Bolt of Draining               Conjuration/Necromancy       5
Comestibles
 e - 10 bread rations
 h - 4 meat rations
 r - 19 fruits
 v - 7 slices of pizza
 w - a royal jelly


   Skills:
 - Level 8.4 Fighting
 + Level 8.4 Axes
 - Level 8.0 Armour
 - Level 8.9 Shields
 + Level 5.5 Invocations


You had 9 spell levels left.
You didn't know any spells.

Dungeon Overview and Level Annotations

Branches:
Dungeon (9/15)             Temple (0/1) D:4
   Lair: D:8-11         Orc: D:9-12

Altars:
Cheibriados
Elyvilon
Makhleb

Shops:
D:5 *

Annotations:
D:6 Menkaure


Innate Abilities, Weirdness & Mutations

You are under a permanent stasis effect.
You can dig through walls and to a lower floor.
Your four strong arms can wield two-handed weapons with a shield.
You have a pair of large antennae on your head (SInv).


Message History

You feel sick.
The iguana hisses menacingly.
The killer bee barely misses you.
* * * LOW HITPOINT WARNING * * *
You feel sick. You block the killer bee's attack.
* * * LOW HITPOINT WARNING * * *
You feel sick.
The killer bee stings you but does no damage.
* * * LOW HITPOINT WARNING * * *
You feel sick. The killer bee barely misses you.
* * * LOW HITPOINT WARNING * * *
You feel sick. You block the killer bee's attack. The spiny frog stings you!
* * * LOW HITPOINT WARNING * * *
You are more poisoned.
The spiny frog poisons you!
There is a stone staircase leading up, spattered with blood here.
* * * LOW HITPOINT WARNING * * *
You feel very sick. You block the killer bee's attack.
The spiny frog stings you!
You die...

########### #.........#
# #$#######[#######
..#####.#..[ly@).......
.............F....##...
......#.#.######......
......††..# .###...
.......†### .# .#
.(##..#.# .# # ##?..#
.# ....# <# ##...#


You could see a spiny frog, an iguana and a killer bee.

Vanquished Creatures
  The ghost of Yendor the Quickloader, a novice DDHu of Makhleb (D:8)
  The ghost of Kloppie the Shield-Bearer, a novice FoFi of Makhleb (D:5)
  2 yaks (D:8)
  A deep elf fighter (D:7)
  A hippogriff (D:7)
  An orc warrior (D:7)
  2 sky beasts
  2 phantoms
  A necrophage (D:6)
  An ice beast (D:7)
  5 ogres
  A centaur (D:8)
  Blork the orc (D:5)
  4 giant frogs
  3 big kobolds (D:8)
  7 wights
  A scorpion (D:5)
  4 killer bees (D:9)
  5 hounds
  A centaur skeleton (D:6)
  A giant frog zombie (D:7)
  3 orc priests
  2 jellies (D:7)
  2 giant frog skeletons
  4 orc wizards
  4 worker ants
  4 iguanas
  2 sheep (D:8)
  10 adders
  5 gnolls
  A river rat (D:9)
  2 adder zombies
  An adder skeleton (D:5)
  4 worms
  3 giant geckos
  23 orcs
  3 ball pythons
  6 bats
  5 giant cockroaches
  8 goblins
  3 hobgoblins
  10 jackals
  6 quokkas
  A ball python skeleton (D:4)
  A ball python zombie (D:4)
  5 giant newts
  15 kobolds
  2 quokka skeletons
  A quokka zombie (D:5)
  14 rats
196 creatures vanquished.

Vanquished Creatures (others)
  A plant (D:8)
1 creature vanquished.

Grand Total: 197 creatures vanquished

Notes
Turn   | Place    | Note
--------------------------------------------------------------
     0 | D:1      | Kloppie the Formicid Fighter began the quest for the Orb.
     0 | D:1      | Reached XP level 1. HP: 18/18 MP: 1/1
   183 | D:1      | Reached XP level 2. HP: 24/24 MP: 2/2
   732 | D:1      | Reached XP level 3. HP: 27/29 MP: 3/3
  1099 | D:2      | Reached skill level 4 in Shields
  1438 | D:2      | Reached XP level 4. HP: 30/37 MP: 4/4
  2252 | D:3      | Found a burning altar of Makhleb.
  2260 | D:3      | Became a worshipper of Makhleb the Destroyer
  2550 | D:3      | Reached XP level 5. HP: 35/42 MP: 5/5
  2844 | D:3      | Reached * piety under Makhleb
  3000 | D:3      | Found a white marble altar of Elyvilon.
  3000 | D:3      | Found a snail-covered altar of Cheibriados.
  3169 | D:4      | Noticed an ogre
  3201 | D:4      | Killed an ogre
  3201 | D:4      | Reached skill level 5 in Shields
  3201 | D:4      | Reached XP level 6. HP: 47/49 MP: 6/6
  3252 | D:4      | Noticed a phantom
  3289 | D:4      | Killed a phantom
  3323 | D:4      | Reached skill level 5 in Fighting
  3503 | D:4      | Reached XP level 7. HP: 49/56 MP: 7/7
  3644 | D:5      | Entered Level 5 of the Dungeon
  3658 | D:4      | Reached skill level 5 in Armour
  3876 | D:4      | Found a staircase to the Ecumenical Temple.
  4230 | D:5      | Noticed Blork the orc
  4241 | D:5      | Killed Blork the orc
  4250 | D:5      | Found Syxtumeg's Assorted Antiques.
  4287 | D:5      | Reached skill level 6 in Shields
  4288 | D:5      | Reached ** piety under Makhleb
  4297 | D:5      | Noticed Kloppie's ghost (novice FoFi)
  4493 | D:5      | Killed Kloppie's ghost
  4493 | D:5      | Reached skill level 5 in Axes
  4493 | D:5      | Reached XP level 8. HP: 40/64 MP: 8/8
  4513 | D:5      | Bought a bone ring for 120 gold pieces
  4513 | D:5      | Bought a wooden wand for 96 gold pieces
  4513 | D:5      | Bought a scroll labeled UWUOTRO NIPETH for 24 gold pieces
  4809 | D:5      | Reached skill level 7 in Shields
  5227 | D:5      | Reached XP level 9. HP: 71/71 MP: 9/9
  5976 | D:6      | Noticed Menkaure
  6610 | D:7      | Reached *** piety under Makhleb
  6644 | D:7      | Reached skill level 8 in Shields
  7186 | D:7      | Reached XP level 10. HP: 80/80 MP: 10/10
  7566 | D:8      | Reached skill level 1 in Invocations
  7579 | D:8      | Noticed Yendor's ghost (novice DDHu)
  7613 | D:8      | Killed Yendor's ghost
  7753 | D:8      | Reached **** piety under Makhleb
  8067 | D:8      | Noticed a three-headed hydra
  8111 | D:9      | Reached skill level 5 in Invocations
  8326 | D:9      | Noticed a spiny frog
  8345 | D:9      | HP: 4/82 [poisoned by a spiny frog]
  8345 | D:9      | Slain by a spiny frog

Action                   |  1- 3 |  4- 6 |  7- 9 | 10-12 || total
-------------------------+-------+-------+-------+-------++-------
Melee: War axe           |   106 |   156 |   310 |   156 ||   728
       Battleaxe         |       |       |       |    18 ||    18
 Fire: Blowgun           |       |     4 |    33 |     3 ||    40
Throw: Stone             |       |    31 |       |       ||    31
Invok: Minor Destruction |       |       |       |     1 ||     1
 Abil: Dig               |       |       |       |     1 ||     1
Evoke: Wand              |       |       |     5 |       ||     5
  Use: Potion            |       |       |     2 |     3 ||     5
       Scroll            |       |       |     7 |     1 ||     8
 Stab: Distracted        |       |       |     1 |       ||     1
  Eat: Chunk             |     2 |     7 |    16 |    16 ||    41
